 Dungeon Crawl Stone Soup version 0.30.0 (webtiles) character file.

Game seed: 3112880951027189604

214 samcosmo the Grasshopper (level 5, -2/45 HPs)
             Began as a Draconian Warper on July 5, 2023.
             Slain by an iguana (12 damage)
             ... on level 3 of the Dungeon.
             The game lasted 00:10:08 (3450 turns).

samcosmo the Grasshopper (Draconian Warper)         Turns: 3450, Time: 00:10:09

Health: -2/45      AC:  7    Str: 16    XL:     5   Next: 60%
Magic:  9/9        EV: 12    Int: 13    God:
Gold:   252        SH:  5    Dex: 10    Spells: 7/9 levels left

rFire   . . .        a - +0 mace
rCold   . . .        (no shield)
rNeg    . . .        (body armour unavailable)
rPois   .            l - +0 hat
rElec   .            d - +0 cloak
rCorr   .            j - +0 pair of gloves
SInv    .            (no boots)
Will    .....        n - amulet of reflection
Stlth   +            (no ring)
HPRegen 0.27/turn    (no ring)
MPRegen 0.11/turn

%: reflection
@: no status effects
A: AC +5, unfitting armour, cold-blooded
a: no special abilities


You were on level 3 of the Dungeon.
You visited 1 branch of the dungeon, and saw 4 of its levels.

You collected 252 gold pieces.

Inventory:

Hand Weapons
 a - a +0 mace (weapon)
Missiles
 c - 7 boomerangs of dispersal (quivered)
 i - a throwing net
 k - 3 boomerangs
Armour
 d - a +0 cloak (worn)
 j - a +0 pair of gloves (worn)
 l - a +0 hat (worn)
Jewellery
 n - an amulet of reflection (around neck)
Potions
 b - a potion of magic
 e - a potion of haste
 f - a potion of curing
 g - a potion of mutation
 h - a potion of flight {unknown}
 m - a potion of brilliance {unknown}
 o - a potion of cancellation {unknown}
 p - 2 potions of might {unknown}


   Skills:
 + Level 3.5 Fighting
 + Level 3.0 Maces & Flails
 - Level 0.8 Throwing
 - Level 2.1 Dodging
 + Level 2.9 Spellcasting
 * Level 4.6 Translocations


You had 7 spell levels left.
You knew the following spells:

 Your Spells              Type           Power      Damage    Failure   Level
a - Blink                 Tloc           28%        N/A       5%          2

Your spell library contained the following spells:

 Spells                   Type           Power      Damage    Failure   Level
 Lesser Beckoning         Tloc           28%        N/A       5%          2
 Teleport Other           Tloc           14%        N/A       11%         3
 Vhi's Electric Charge    Tloc/Air       16%        N/A       26%         3
 Manifold Assault         Tloc           14%        N/A       34%         4
 Ozocubu's Armour         Ice            1%         N/A       56%         3
 Ozocubu's Refrigeration  Ice            0%         4d7       100%        7


Dungeon Overview and Level Annotations

Branches:
Dungeon (4/15)
 Temple: D:4-7

Altars:
Gozag

Shops:
D:3 =

Annotations:
D:2 Blork the orc
D:4 exclusion: ogre, Edmund, Menkaure


Innate Abilities, Weirdness & Mutations

Your plain brown scales are hard. (AC +5)
You cannot fit into any form of body armour.
You are cold-blooded and may be slowed by cold attacks.


Message History

The iguana attacks as you move away! You block the iguana's attack.
The iguana attacks as you move away! The iguana bites you.
The iguana attacks as you move away! You block the iguana's attack.
There is a stone staircase leading up, spattered with blood here.
The iguana bites you!
You climb upwards.
There is a stone staircase leading down, spattered with blood here.
You hit the iguana but do no damage.
Your tail-slap misses the iguana.
You block the iguana's attack.
You completely miss the iguana. The iguana bites you.
The iguana barely misses you.
You are too injured to fight recklessly!
You are too injured to fight recklessly!
You sock the iguana!
The iguana is heavily wounded.
The iguana bites you.
You hit the iguana.
Your tail-slap misses the iguana.
The iguana is severely wounded.
You block the iguana's attack.
You hit the iguana but do no damage.
The iguana is severely wounded.
You block the iguana's attack.
You hit the iguana.
The iguana is almost dead.
The iguana bites you. x2
You hit the iguana but do no damage.
The iguana is almost dead.
The iguana closely misses you.
You hit the iguana but do no damage.
Your tail-slap misses the iguana.
The iguana is almost dead.
The iguana barely misses you.
You hit the iguana but do no damage.
The iguana is almost dead.
The iguana barely misses you.
You closely miss the iguana.
The iguana is almost dead.
The iguana bites you.
* * * LOW HITPOINT WARNING * * *
The iguana bites you!
You die...

#..##
#..##
##.#.##
##..#
##..#
#*#.# ##.#
##.##
###.# #.#
#..###...#
#.##
##..##.###
#..#
##....## #
##.#
####).###
#.# ##..##
#@# ##...
#l# ###.
#.# #. #.#
#. #.## #.
#..#### #)
#.....#
##[
#.....####
##..
#........#
#...


You could see an iguana.

Vanquished Creatures
  2 orc wizards (D:3)
  A sleepcap (D:3)
  6 adders
  A worm (D:3)
  5 dart slugs
  7 orcs
  3 bats (D:3)
  5 endoplasms
  2 giant cockroaches
  5 goblins
  6 hobgoblins
  6 jackals (D:2)
  3 quokkas
  9 ball pythons
  A frilled lizard (D:2)
  4 kobolds
  8 rats
74 creatures vanquished.

Notes
Turn   | Place    | Note
-------+----------+-------------------------------------------
     0 | D:1      | samcosmo the Draconian Warper began the quest for the Orb.
     0 | D:1      | Reached XP level 1. HP: 17/17 MP: 3/3
   251 | D:1      | Reached XP level 2. HP: 25/25 MP: 5/5
   749 | D:2      | Learned a level 2 spell: Blink
   781 | D:2      | Reached XP level 3. HP: 30/30 MP: 6/6
  1573 | D:3      | Reached XP level 4. HP: 37/37 MP: 7/7
  1672 | D:3      | Reached skill level 4 in Translocations
  1687 | D:3      | Reached XP level 5. HP: 31/45 MP: 7/9
  1715 | D:3      | Found Ozuna's Jewellery Shoppe.
  2279 | D:3      | Found a faded altar of an unknown god.
  2283 | D:3      | Found an opulent altar of Gozag.
  2469 | D:4      | Noticed Blork the orc
  2655 | D:3      | HP: 2/45 [quokka (4)]
  2892 | D:4      | Noticed an ogre
  3147 | D:4      | Noticed Menkaure
  3407 | D:4      | Noticed Edmund
  3450 | D:3      | Slain by an iguana

Illustrated notes

Levels and vault maps discovered:
D:1:      saegor_arrival_simple_c, layout_basic
D:2:      layout_loops_ring
D:3:      layout_rooms, nicolae_overflow_ecumenical_swirl, serial_shops,
          nicolae_square_shop, serial_aquarium, aquarium_bridge_straight
          [aquarium_subvault_bridge, aquarium_subvault_wall,
          aquarium_subvault_bridge, aquarium_subvault_window],
          aquarium_bridge_square [aquarium_subvault_bridge,
          aquarium_subvault_bridge, aquarium_subvault_bridge,
          aquarium_subvault_bridge], aquarium_window_fake, aquarium_window_1,
          aquarium_window_1, aquarium_view_2d, aquarium_pool_side,
          nrook_mini_backslash
D:4:      layout_cave_pools, chequers_temple_overflow_statue_of_worship,
          minmay_temple_entry_arrows, uniq_duvessa, uniq_blork_the_orc,
          uniq_menkaure, uniq_edmund

Skill      XL: |  1  2  3  4  5 |
---------------+----------------+-----
Fighting       | 3 |  3.5
Translocations | 4 |  4.6
Maces & Flails | 3 |  3.0
Throwing       | |  0.8
Dodging        | |  2.1
Spellcasting   | |  2.9

Action                     |  1- 3 |  4- 6 || total
---------------------------+-------+-------++-------
  Melee: Mace              |   118 |   160 ||   278
         Tailslap          |     9 |    15 ||    24
   Cast: Blink             |       |     1 ||     1
    Use: Scroll            |     3 |     8 ||    11
 Armour: Skin              |    51 |    76 ||   127
  Dodge: Dodged            |    73 |   140 ||   213
  Block: Other             |     8 |    65 ||    73
         Reflection        |       |     2 ||     2
